 Dungeon Crawl Stone Soup version 0.21.1-1-g345015f (webtiles) character file.

214 inc the Chiller (level 5, 17/21 HPs)
             Began as a Felid Ice Elementalist on Mar 3, 2018.
             Quit the game on level 5 of the Dungeon.
             The game lasted 00:08:54 (4876 turns).

inc the Chiller (Felid Ice Elementalist)            Turns: 4876, Time: 00:08:55

Health: 17/21      AC:  2    Str:  4    XL:     5   Next: 59%
Magic:  6/9        EV: 18    Int: 18    God:
Gold:   218        SH:  0    Dex: 17    Spells: 0/8 levels left
                                        Lives:  0   Deaths: 1

rFire    . . .     SeeInvis +   (weapon unavailable)
rCold    . . .     Gourm    .   (shield unavailable)
rNeg     . . .     Faith    .   (armour unavailable)
rPois    .         Spirit   .   (helmet unavailable)
rElec    .         Reflect  .   (cloak unavailable)
rCorr    .         Harm     .   (gloves unavailable)
MR       .....                  (boots unavailable)
Stlth    +++.......             (no amulet)
HPRegen  0.07/turn              (no ring)
MPRegen  0.11/turn              (no ring)

@: quick
A: very small, no armour, no weapons or thrown items, stealth, claws 1, fangs 3,
see invisible, carnivore, speed 1, shaggy fur 2, slow metabolism 1, sharp paws
a: no special abilities


You were on level 5 of the Dungeon.
You were not hungry.

You visited 1 branch of the dungeon, and saw 5 of its levels.

You collected 218 gold pieces.

Inventory:

Jewellery
 c - an uncursed ring of loudness
 i - an uncursed ring of see invisible
 k - an uncursed ring of protection from fire {unknown}
 m - a cursed +3 ring of strength {unknown}
Wands
 h - a wand of paralysis (9)
Scrolls
 e - 2 scrolls of teleportation
 f - a scroll of immolation {unknown}
Potions
 d - a potion of curing {unknown}
 g - a potion of ambrosia {unknown}
 j - 2 potions of flight {unknown}
 l - 2 potions of resistance {unknown}
Books
 a - a book of Frost

   Spells                             Type                      Level
   a - Freeze                         Ice                          1
   b - Throw Frost                    Conjuration/Ice              2
   c - Ozocubu's Armour               Charms/Ice                   3
   d - Throw Icicle                   Conjuration/Ice              4
   e - Summon Ice Beast               Ice/Summoning                4
Comestibles
 b - 4 rations


   Skills:
 - Level 2.6 Dodging
 - Level 2.6 Stealth
 - Level 2.0 Spellcasting
   Level 0.8 Conjurations
 - Level 4.3 Charms
 + Level 2.9 Summonings
 - Level 5.0 Ice Magic


You couldn't memorise any spells.
You knew the following spells:

 Your Spells              Type           Power        Failure   Level  Hunger
a - Freeze                Ice            ###.         2%          1    #......
b - Ozocubu's Armour      Chrm/Ice       ###.....     8%          3    ###....
c - Summon Ice Beast      Ice/Summ       ###.....     34%         4    #####..


Dungeon Overview and Level Annotations

Branches:
Dungeon (5/15)
 Temple: D:4-7

Altars:
Hepliaklqana
Kikubaaqudgha
Sif Muna

Annotations:
D:3 Sigmund


Innate Abilities, Weirdness & Mutations

You cannot wear armour.
You are incapable of wielding weapons or throwing items.
Your paws allow you to move quietly. (Stealth)
You have sharp claws.
You have razor-sharp teeth.
You have supernaturally acute eyesight. (SInv)
You are carnivorous and can eat meat at any time.
You cover ground quickly.
You are covered in thick fur. (AC +2)
You have a slow metabolism.
Your sharp claws are effective at attacking unaware monsters.


Message History

Casting: Freeze
Confirm with . or Enter, or press ? or * to list all spells.
Aiming: Freeze
Press: ? - help, Shift-Dir - straight line, f/p - worm
Aim: a worm (severely wounded)
You freeze the worm.
You kill the worm!
Casting: Freeze
Confirm with . or Enter, or press ? or * to list all spells.
You can't see any susceptible monsters within range! (Use Z to cast anyway.) Unknown command.
Casting: Freeze
Confirm with . or Enter, or press ? or * to list all spells.
You can't see any susceptible monsters within range! (Use Z to cast anyway.) Unknown command.
You start resting.
Your icy armour starts to melt.
You start resting.
Your icy armour evaporates.
Are you sure you want to abandon this character and quit the game? (Confirm with "yes".)

##....# ##.###
#.# #.## #..#
#### #### ##.##
##..###..##
#..###.#..#..#.##
##.#....#w.#†.#_#
#...##..#..#@.#
##.###...#...##
#.. #########
##+#


There were no monsters in sight!

Vanquished Creatures
  An orc priest (D:2)
  3 jellies (D:2)
  2 orc wizards
  Ijyb (D:3)
  A worker ant (D:4)
  4 adders
  10 oozes
  2 worms
  An adder skeleton (D:4)
  3 dart slugs
  3 leopard geckos
  5 orcs
  3 giant cockroaches
  8 hobgoblins
  15 kobolds
  A quokka (D:3)
  A ball python (D:2)
  4 bats
  9 frilled lizards
  6 goblins
  5 rats
88 creatures vanquished.

Vanquished Creatures (others)
  9 toadstools (D:2)
9 creatures vanquished.

Grand Total: 97 creatures vanquished

Notes
Turn   | Place    | Note
-------+----------+-------------------------------------------
     0 | D:1      | inc the Felid Ice Elementalist began the quest for the Orb.
     0 | D:1      | Reached XP level 1. HP: 7/7 MP: 4/4
    94 | D:1      | Reached skill level 3 in Ice Magic
   399 | D:1      | Reached XP level 2. HP: 11/11 MP: 3/6
  1373 | D:2      | Reached skill level 4 in Ice Magic
  1373 | D:2      | Reached XP level 3. HP: 3/14 MP: 0/7
  1722 | D:2      | Reached XP level 4. HP: 18/18 MP: 5/8
  2386 | D:2      | Reached skill level 5 in Ice Magic
  2481 | D:2      | Learned a level 3 spell: Ozocubu's Armour
  2521 | D:2      | Reached skill level 1 in Charms
  2579 | D:2      | Reached XP level 5. HP: 7/21 MP: 2/9
  2998 | D:2      | HP: 1/21 [acid (10)]
  3485 | D:3      | Learned a level 4 spell: Summon Ice Beast
  3497 | D:3      | Gained mutation: You are covered in thick fur. (AC +2) [Felid growth]
  3497 | D:3      | Reached XP level 6. HP: 23/24 MP: 7/10
  3584 | D:3      | Reached skill level 1 in Summonings
  3990 | D:3      | Noticed Ijyb
  3995 | D:3      | Paralysed by Ijyb for 3 turns
  4002 | D:3      | Killed Ijyb
  4094 | D:3      | Found an ancient bone altar of Kikubaaqudgha.
  4156 | D:3      | Noticed Sigmund
  4337 | D:4      | HP: 1/24 [poisoned by a worker ant]
  4706 | D:5      | Entered Level 5 of the Dungeon
  4732 | D:5      | Slain by a centaur
  4733 | D:5      | Reached XP level 5. HP: -1/21 MP: 2/9
  4797 | D:5      | Found a hazy altar of Hepliaklqana.
  4831 | D:5      | Found a deep blue altar of Sif Muna.
  4876 | D:5      | Quit the game

Skill      XL: |  1  2  3  4  5  6 |
---------------+-------------------+-----
Ice Magic      | 3 4 5 |  5.0
Charms         | 2 4 |  4.3
Summonings     | 2 |  2.9
Dodging        | |  2.6
Stealth        | |  2.6
Spellcasting   | |  2.0
Conjurations   | |  0.8

Action                   |  1- 3 |  4- 6 || total
-------------------------+-------+-------++-------
Melee: Unarmed           |    26 |    53 ||    79
       Bite              |       |     8 ||     8
 Cast: Freeze            |    35 |   118 ||   153
       Ozocubu's Armour  |       |    10 ||    10
  Use: Scroll            |     4 |       ||     4
 Stab: Sleeping          |    10 |    10 ||    20
  Eat: Chunk             |     2 |     6 ||     8
Armor: Skin              |     4 |    14 ||    18
Dodge: Dodged            |    30 |   102 ||   132
